 Dungeon Crawl Stone Soup version 0.28.0 (webtiles) character file.

Game seed: 17677221941351953145

64 crazypyro the Chopper (level 3, 0/49 HPs)
             Began as a Minotaur Fighter on Feb 8, 2022.
             Succumbed to a goblin's poison
             ... on level 2 of the Dungeon.
             The game lasted 00:01:03 (953 turns).

crazypyro the Chopper (Minotaur Fighter)             Turns: 953, Time: 00:01:03

Health: 0/49       AC:  7    Str: 22    XL:     3   Next: 91%
Magic:  2/2        EV:  9    Int:  5    God:
Gold:   129        SH:  4    Dex:  9    Spells: 2/2 levels left

rFire   . . .      SeeInvis .   a - +0 war axe
rCold   . . .      Faith    .   c - +0 buckler
rNeg    . . .      Spirit   .   b - +0 scale mail
rPois   .          Reflect  .   (helmet restricted)
rElec   .          Harm     .   (no cloak)
rCorr   .          Rampage  .   (no gloves)
Will    .....                   (no boots)
Stlth   ..........              (no amulet)
HPRegen 0.16/turn               (no ring)
MPRegen 0.08/turn               (no ring)

@: berserking, lethally poisoned (0 -> -1), very quick
A: horns 2, retaliatory headbutt
a: no special abilities


You were on level 2 of the Dungeon.
You visited 1 branch of the dungeon, and saw 2 of its levels.

You collected 129 gold pieces.

Inventory:

Hand Weapons
 a - a +0 war axe (weapon)
Armour
 b - a +0 scale mail (worn)
 c - a +0 buckler (worn)
Scrolls
 f - a scroll of fog {unknown}
 g - a scroll of identify {unknown}
 i - a scroll of teleportation {unknown}
Potions
 d - a potion of might
 h - a potion of curing {unknown}


   Skills:
 - Level 4.0 Fighting
 + Level 4.3 Axes
 - Level 4.0 Armour
 - Level 4.0 Shields


You had 2 spell levels left.
You didn't know any spells.
Your spell library contained the following spells:

 Spells                   Type           Power      Damage    Failure   Level
 Ensorcelled Hibernation  Hex/Ice        0%         N/A       95%         2
 Spider Form              Tmut/Pois      0%         N/A       99%         3
 Anguish                  Hex/Necr       0%         N/A       100%        4


Dungeon Overview and Level Annotations

Branches:
Dungeon (2/15)

Altars:


Innate Abilities, Weirdness & Mutations

You have a pair of horns on your head.
You reflexively headbutt those who attack you in melee.


Message History

You are too injured to fight recklessly!
You feel very sick.
Unknown command.
Unknown command.
You slash the goblin!
You kill the goblin!
* * * LOW HITPOINT WARNING * * *
You feel very sick.
You barely miss the hobgoblin.
* * * LOW HITPOINT WARNING * * *
You feel sick. The hobgoblin hits you.
* * * LOW HITPOINT WARNING * * *
The goblin hits you but does no damage.
It was a potion of berserk rage.
A red film seems to cover your vision as you go berserk!
You feel yourself moving faster!
You feel mighty!
* * * LOW HITPOINT WARNING * * *
You feel sick. The hobgoblin closely misses you.
The goblin hits you with a +0 dagger.
* * * LOW HITPOINT WARNING * * *
You are too berserk!
You slash the goblin!
You kill the goblin!
You slash the hobgoblin!
You kill the hobgoblin!
* * * LOW HITPOINT WARNING * * *
You feel sick.
You slash the goblin!
You kill the goblin!
* * * LOW HITPOINT WARNING * * *
You feel sick.
You slice the goblin!!
You kill the goblin!
* * * LOW HITPOINT WARNING * * *
You feel sick.
You closely miss the goblin. Your headbutt misses the goblin.
* * * LOW HITPOINT WARNING * * *
You feel sick. You block the goblin's attack.
You barely miss the goblin.
You die...

#.......###..........
#.#####.## ##.....###
##...# #.....#
#..####+####...#
#.##.#...#.##.##
#.#..'...'..#.#
#.##.#).)#.##.#
#####..####g####..#
#....)...#.@.#...##
#.#####..##.##.###
#.####....#'#..#
#.#.....#......#
#.#.......#..#.#
#.#.....#.##.#.#
#.##.#..#.......
#.##.#..####.....
#........)......#


You could see a goblin.

Vanquished Creatures
  3 dart slugs (D:1)
  5 bats
  3 endoplasms (D:1)
  A giant cockroach (D:1)
  12 goblins
  2 hobgoblins
  4 jackals (D:1)
  5 kobolds (D:1)
  4 quokkas
  4 ball pythons
  2 frilled lizards
  3 rats (D:1)
48 creatures vanquished.

Notes
Turn   | Place    | Note
-------+----------+-------------------------------------------
     0 | D:1      | crazypyro the Minotaur Fighter began the quest for the Orb.
     0 | D:1      | Reached XP level 1. HP: 19/19 MP: 0/0
   100 | D:1      | Reached XP level 2. HP: 27/27 MP: 1/1
   319 | D:1      | Reached XP level 3. HP: 28/33 MP: 2/2
   951 | D:2      | HP: 2/49 [poisoned by a goblin]
   953 | D:2      | Succumbed to a goblin's poison

Illustrated notes

Levels and vault maps discovered:
D:1:      lemuel_arrival_tunnels, layout_basic, minmay_hexomino_c4
D:2:      cheibrodos_greedy_goblins, layout_loops_corners,
          hellmonk_ecumenical_altar_leap_of_faith, basic_altar

Skill      XL: |  1  2  3 |
---------------+----------+-----
Fighting       | 4 |  4.0
Shields        | 4 |  4.0
Armour         | 4 |  4.0
Axes           | 3 4 |  4.3

Action                   || total
-------------------------++-------
Melee: War axe           ||    72
       Headbutt          ||     8
  Use: Potion            ||     1
Armor: Scale mail        ||    41
Dodge: Dodged            ||    46
Block: Buckler           ||    18
